[Event "Czech Open GM 2020"]
[Site "Pardubice"]
[Date "2020.09.26"]
[Round "6.7"]
[White "Vogel, Roven"]
[Black "Rocco, Federico"]
[Result "1-0"]
[ECO "E15"]
[WhiteElo "2456"]
[BlackElo "2123"]
[Annotator "ChessBase"]
[PlyCount "43"]
[EventDate "2020.09.21"]
[EventCountry "CZE"]
[SourceTitle "playchess.com"]
[Source "ChessBase"]
[SourceQuality "1"]
[TimeControl "40/5400+30:1800+30"]

1. d4 Nf6 2. c4 e6 3. Nf3 b6 4. g3 Ba6 5. Qc2 Bb7 6. Bg2 c5 7. d5 exd5 8. cxd5 Nxd5 9. O-O Be7 10. Rd1 Qc8 11. Qf5 Nf6 12. Nc3 Na6 13. e4 d6 14. Nh4 Qb8 15. Qf3 g6 16. Bh6 Nd7 17. Nd5 Qd8 18. Qc3 f6 19. e5 Bxd5 20. Bxd5 Nxe5 21. f4 Nf7 22. Bc6+ 1-0

[Event "Czech Open GM 2020"]
[Site "Pardubice"]
[Date "2020.09.26"]
[Round "6.8"]
[White "Mendonca, Leon Luke"]
[Black "Bulockin, Martin"]
[Result "1-0"]
[ECO "A30"]
[WhiteElo "2490"]
[BlackElo "2297"]
[Annotator "ChessBase"]
[PlyCount "56"]
[EventDate "2020.09.21"]
[EventCountry "CZE"]
[SourceTitle "playchess.com"]
[Source "ChessBase"]
[SourceQuality "1"]
[TimeControl "40/5400+30:1800+30"]

1. Nf3 Nf6 2. g3 g6 3. b3 Bg7 4. Bb2 b6 5. Bg2 Bb7 6. c4 O-O 7. O-O c5 8. d4 cxd4 9. Nxd4 Bxg2 10. Kxg2 Nc6 11. Nc3 Ne8 12. Nc2 Nc7 13. Rb1 d6 14. Ne3 Qd7 15. Qd2 Rab8 16. Rfd1 Rfc8 17. Rbc1 Qe8 18. Ncd5 Bxb2 19. Qxb2 Nxd5 20. Nxd5 Nd8 21. h4 h5 22. Qd4 Ne6 23. Qe3 Rb7 24. a4 Ng7 25. Qf3 Qc6 26. e4 Ne8 27. Rd3 Kg7 28. Rcd1 Rd7 1-0

[Event "Czech Open GM 2020"]
[Site "Pardubice"]
[Date "2020.09.26"]
[Round "6.9"]
[White "Parvanyan, Ashot"]
[Black "Finek, Vaclav"]
[Result "1/2-1/2"]
[ECO "E60"]
[WhiteElo "2458"]
[BlackElo "2344"]
[Annotator "ChessBase"]
[PlyCount "92"]
[EventDate "2020.09.21"]
[EventCountry "CZE"]
[SourceTitle "playchess.com"]
[Source "ChessBase"]
[SourceQuality "1"]
[TimeControl "40/5400+30:1800+30"]

1. Nf3 Nf6 2. c4 g6 3. d4 Bg7 4. e3 c5 5. d5 d6 6. Nc3 Bg4 7. Be2 O-O 8. O-O Na6 9. e4 Nc7 10. h3 Bxf3 11. Bxf3 a6 12. a4 Rb8 13. Be2 e6 14. Bf4 e5 15. Be3 a5 16. f4 exf4 17. Bxf4 Nfe8 18. Qd2 Be5 19. Bg5 f6 20. Be3 Ng7 21. Rf3 b6 22. Raf1 Qd7 23. Bh6 Rf7 24. h4 Nh5 25. Qe1 Re8 26. Bd2 Bd4+ 27. Kh1 Bxc3 28. Rxc3 Rxe4 29. Qf2 Ng7 30. Bf3 Re8 31. Bf4 Rfe7 32. Bh2 Rf8 33. Qd2 Nce8 34. h5 Nc7 35. hxg6 hxg6 36. Qh6 Qe8 37. Bd1 Re1 38. Rcf3 Rxf1+ 39. Rxf1 Nf5 40. Qf4 Kg7 41. Bc2 Nd4 42. Bd3 Na6 43. Qxd6 Nb4 44. Qg3 Nxd3 45. Qxd3 Qxa4 46. Re1 Re8 1/2-1/2

[Event "Czech Open GM 2020"]
[Site "Pardubice"]
[Date "2020.09.26"]
[Round "6.10"]
[White "Sorensen, Hampus"]
[Black "Krasteva, Beloslava"]
[Result "1-0"]
[ECO "D30"]
[WhiteElo "2361"]
[BlackElo "2296"]
[Annotator "ChessBase"]
[PlyCount "43"]
[EventDate "2020.09.21"]
[EventCountry "CZE"]
[SourceTitle "playchess.com"]
[Source "ChessBase"]
[SourceQuality "1"]
[TimeControl "40/5400+30:1800+30"]

1. d4 d5 2. c4 e6 3. Nf3 Nf6 4. Bg5 Be7 5. e3 h6 6. Bxf6 Bxf6 7. Qc2 a6 8. Nc3 b6 9. Rd1 O-O 10. Bd3 dxc4 11. Bh7+ Kh8 12. Be4 Ra7 13. h4 Be7 14. Ne5 Bb7 15. g4 Bxe4 16. Qxe4 Bb4 17. Ke2 Qe8 18. g5 Bxc3 19. gxh6 g6 20. Nxg6+ Kg8 21. Rdg1 f5 22. Qe5 1-0

[Event "Czech Open GM 2020"]
[Site "Pardubice"]
[Date "2020.09.26"]
[Round "6.11"]
[White "Pantzar, Milton"]
[Black "Sernecki, Franciszek"]
[Result "1/2-1/2"]
[ECO "E27"]
[WhiteElo "2424"]
[BlackElo "2248"]
[Annotator "ChessBase"]
[PlyCount "92"]
[EventDate "2020.09.21"]
[EventCountry "CZE"]
[SourceTitle "playchess.com"]
[Source "ChessBase"]
[SourceQuality "1"]
[TimeControl "40/5400+30:1800+30"]

1. d4 Nf6 2. c4 e6 3. Nc3 Bb4 4. f3 O-O 5. a3 Bxc3+ 6. bxc3 Nh5 7. Nh3 f5 8. e3 d6 9. c5 b6 10. cxd6 cxd6 11. a4 Ba6 12. Bxa6 Nxa6 13. Qd3 Nc7 14. O-O Qd7 15. Ba3 Rfd8 16. e4 Nf6 17. c4 d5 18. exd5 exd5 19. c5 bxc5 20. Bxc5 Ne6 21. Rfc1 Rac8 22. a5 Nxc5 23. dxc5 d4 24. Nf4 Rc6 25. Qc4+ Qf7 26. Nd3 Qxc4 27. Rxc4 Re8 28. Rxd4 Re2 29. Kf1 Re7 30. Rb1 h6 31. Kf2 g5 32. Rb8+ Kg7 33. Rdb4 Ra6 34. R4b7 Rxb7 35. Rxb7+ Kf8 36. Ne5 Nd5 37. Rd7 Ne7 38. Nc4 Rc6 39. Rxa7 Rxc5 40. Ne3 f4 41. Ng4 Rc2+ 42. Kf1 h5 43. Nf6 Nf5 44. Nh7+ Kg8 45. Nf6+ Kf8 46. Nh7+ Kg8 1/2-1/2

[Event "Czech Open GM 2020"]
[Site "Pardubice"]
[Date "2020.09.26"]
[Round "6.12"]
[White "Seitz, Patrick"]
[Black "Lizak, Peter"]
[Result "1/2-1/2"]
[ECO "B15"]
[WhiteElo "2186"]
[BlackElo "2457"]
[Annotator "ChessBase"]
[PlyCount "87"]
[EventDate "2020.09.21"]
[EventCountry "CZE"]
[SourceTitle "playchess.com"]
[Source "ChessBase"]
[SourceQuality "1"]
[TimeControl "40/5400+30:1800+30"]

1. e4 c6 2. Nc3 d5 3. Nf3 dxe4 4. Nxe4 Nf6 5. Nxf6+ exf6 6. d4 Bd6 7. Bd3 O-O 8. O-O Bg4 9. h3 Bh5 10. c3 Re8 11. Bf5 Nd7 12. Qd3 Bg6 13. Bd2 Nf8 14. Rfe1 Qa5 15. Nh4 Rxe1+ 16. Bxe1 Re8 17. Bd2 Ne6 18. a4 Nf4 19. Bxf4 Bxf4 20. Nxg6 hxg6 21. Be4 Qd8 22. g3 Bc7 23. b4 f5 24. Bf3 Qg5 25. Bg2 f4 26. g4 a5 27. d5 cxd5 28. Qxd5 Qf6 29. Rc1 b6 30. Bf3 Rd8 31. Qc4 Qe5 32. Rc2 Bd6 33. Re2 Qf6 34. bxa5 bxa5 35. Qc6 Be5 36. c4 Rd1+ 37. Kg2 Qxc6 38. Bxc6 f6 39. Be4 g5 40. Rc2 Kf8 41. Kf3 Ke7 42. c5 Kd8 43. c6 Kc7 44. Rc5 1/2-1/2

[Event "Czech Open GM 2020"]
[Site "Pardubice"]
[Date "2020.09.26"]
[Round "6.13"]
[White "Jedlicka, Ales"]
[Black "Koziak, Vitali"]
[Result "1/2-1/2"]
[ECO "A58"]
[WhiteElo "2197"]
[BlackElo "2434"]
[Annotator "ChessBase"]
[PlyCount "67"]
[EventDate "2020.09.21"]
[EventCountry "CZE"]
[SourceTitle "playchess.com"]
[Source "ChessBase"]
[SourceQuality "1"]
[TimeControl "40/5400+30:1800+30"]

1. d4 Nf6 2. c4 c5 3. d5 b5 4. cxb5 a6 5. bxa6 g6 6. Nc3 Bg7 7. e4 O-O 8. a7 Rxa7 9. Nf3 d6 10. Be2 Ba6 11. O-O Nbd7 12. a4 Qa8 13. Bg5 h6 14. Bd2 Bxe2 15. Qxe2 Rb8 16. Rfb1 Ne8 17. b3 Nc7 18. Ra3 Bxc3 19. Bxc3 Nb5 20. axb5 Rxa3 21. h4 Rb7 22. h5 g5 23. e5 Qf8 24. e6 Nf6 25. Bxf6 exf6 26. Qb2 Ra8 27. Qxf6 fxe6 28. Qg6+ Rg7 29. Qxe6+ Kh7 30. Re1 Rb8 31. Qe4+ Kg8 32. Qe6+ Kh7 33. Qe4+ Kg8 34. Qe6+ 1/2-1/2

[Event "Czech Open GM 2020"]
[Site "Pardubice"]
[Date "2020.09.26"]
[Round "6.14"]
[White "Pogan, Nikolas"]
[Black "Arkell, Keith C"]
[Result "1/2-1/2"]
[ECO "E15"]
[WhiteElo "2212"]
[BlackElo "2429"]
[Annotator "ChessBase"]
[PlyCount "97"]
[EventDate "2020.09.21"]
[EventCountry "CZE"]
[SourceTitle "playchess.com"]
[Source "ChessBase"]
[SourceQuality "1"]
[TimeControl "40/5400+30:1800+30"]

1. d4 Nf6 2. c4 e6 3. Nf3 b6 4. g3 Ba6 5. Nbd2 d5 6. Bg2 Be7 7. O-O O-O 8. b3 c6 9. Bb2 Nbd7 10. Re1 b5 11. Ne5 Nxe5 12. dxe5 Nd7 13. cxd5 cxd5 14. e4 Nc5 15. Bd4 Bb7 16. Qe2 Qa5 17. exd5 Bxd5 18. Bxd5 exd5 19. Bxc5 Bxc5 20. Qd3 Rac8 21. Re2 Be7 22. Nf3 b4 23. Rd1 Rc3 24. Qf5 Qa6 25. Red2 g6 26. Qf4 f6 27. Nd4 Rc5 28. exf6 Bxf6 29. Qg4 Re8 30. Nf3 Qb7 31. Nd4 Re4 32. Qf3 Qe7 33. Rd3 Qe5 34. h4 Rc3 35. Nb5 Rc5 36. Nd4 Kg7 37. Kf1 a6 38. Ne2 Kg8 39. R3d2 h5 40. Rd3 Kh7 41. R3d2 Kg8 42. Rd3 Kh7 43. R3d2 a5 44. Rd3 Bg7 45. R3d2 Bf6 46. Rd3 Kg7 47. R3d2 Be7 48. Rd3 Bf6 49. R3d2 1/2-1/2

[Event "Czech Open GM 2020"]
[Site "Pardubice"]
[Date "2020.09.26"]
[Round "6.15"]
[White "Siekanski, Janusz"]
[Black "Vokac, Marek"]
[Result "0-1"]
[ECO "A41"]
[WhiteElo "2184"]
[BlackElo "2365"]
[Annotator "ChessBase"]
[PlyCount "55"]
[EventDate "2020.09.21"]
[EventCountry "CZE"]
[SourceTitle "playchess.com"]
[Source "ChessBase"]
[SourceQuality "1"]
[TimeControl "40/5400+30:1800+30"]

1. d4 d6 2. c4 e5 3. d5 f5 4. e4 Nf6 5. exf5 Bxf5 6. Nc3 Nbd7 7. Nge2 Bg6 8. Ng3 c6 9. Bd3 Bf7 10. O-O cxd5 11. cxd5 g6 12. f4 Be7 13. f5 a6 14. fxg6 hxg6 15. Nge4 Nxe4 16. Nxe4 Qb6+ 17. Kh1 Bxd5 18. Nc3 Bf7 19. Nd5 Qd4 20. Nc7+ Kd8 21. Nxa8 Bd5 22. Rf3 Bxf3 23. Qxf3 Nc5 24. Bxg6 e4 25. Be3 Qxb2 26. Qf1 Qe5 27. Bf4 Qf6 28. Bc1 0-1

[Event "Czech Open GM 2020"]
[Site "Pardubice"]
[Date "2020.09.26"]
[Round "6.16"]
[White "Storme, Isak"]
[Black "Ochedzan, Tymon"]
[Result "1/2-1/2"]
[ECO "A38"]
[WhiteElo "2353"]
[BlackElo "2214"]
[Annotator "ChessBase"]
[PlyCount "189"]
[EventDate "2020.09.21"]
[EventCountry "CZE"]
[SourceTitle "playchess.com"]
[Source "ChessBase"]
[SourceQuality "1"]
[TimeControl "40/5400+30:1800+30"]

1. c4 Nf6 2. Nc3 g6 3. g3 Bg7 4. Bg2 O-O 5. Nf3 c5 6. O-O d5 7. cxd5 Nxd5 8. Nxd5 Qxd5 9. d3 Nc6 10. Be3 Qd6 11. Rc1 Nd4 12. Nxd4 cxd4 13. Bf4 Qb6 14. Qb3 Qxb3 15. axb3 e5 16. Bd2 Bg4 17. Rfe1 Rab8 18. h3 Be6 19. Rc7 Rfc8 20. Rec1 Rxc7 21. Rxc7 Bxb3 22. Bxb7 Be6 23. b4 Bf8 24. Bf3 Bxb4 25. Bxb4 Rxb4 26. Rxa7 Rb5 27. Kg2 Kg7 28. Be4 h6 29. h4 Bg4 30. Bf3 Be6 31. g4 g5 32. Kg3 Rc5 33. Rb7 Ra5 34. Rb6 Rc5 35. Rd6 Kf6 36. h5 Ke7 37. Ra6 Kf6 38. Be4 Rc2 39. Kf3 Kg7 40. Ra5 Kf6 41. Bd5 Bxd5+ 42. Rxd5 Ra2 43. Rd6+ Kg7 44. Rb6 Rd2 45. Ra6 Rb2 46. Ra8 Rd2 47. Rd8 Kf6 48. Rd7 Ke6 49. Rb7 Kf6 50. Rb6+ Kg7 51. Rd6 Ra2 52. Rb6 Rd2 53. Rc6 Rb2 54. Rc5 Kf6 55. Ra5 Rd2 56. Ra4 Kg7 57. Ra3 Rb2 58. Ra1 Rd2 59. Ra6 Rb2 60. e3 Rd2 61. Ra3 Kf6 62. Rb3 Kg7 63. Kg3 Kf6 64. Ra3 Rd1 65. Kg2 Kg7 66. exd4 exd4 67. Kf3 Rd2 68. Kg3 Kf6 69. f4 gxf4+ 70. Kxf4 Rf2+ 71. Kg3 Rd2 72. Kf3 Kg5 73. Ra5+ Kh4 74. Ra1 Rxd3+ 75. Kf4 Rh3 76. Rd1 d3 77. Rd2 Rh1 78. Rxd3 Rg1 79. Rd6 Rxg4+ 80. Kf3 Kxh5 81. Rd7 f5 82. Rf7 Kg6 83. Rf8 Ra4 84. Kg3 h5 85. Rb8 h4+ 86. Kf3 Ra7 87. Kf4 Rf7 88. Rh8 Rh7 89. Rg8+ Kf7 90. Rg5 h3 91. Rxf5+ Kg8 92. Rg5+ Rg7 93. Rxg7+ Kxg7 94. Kg3 h2 95. Kxh2 1/2-1/2

[Event "Czech Open GM 2020"]
[Site "Pardubice"]
[Date "2020.09.26"]
[Round "6.17"]
[White "Seger, Ruediger"]
[Black "Crevatin, Leo"]
[Result "1-0"]
[ECO "B15"]
[WhiteElo "2312"]
[BlackElo "2188"]
[Annotator "ChessBase"]
[PlyCount "113"]
[EventDate "2020.09.21"]
[EventCountry "CZE"]
[SourceTitle "playchess.com"]
[Source "ChessBase"]
[SourceQuality "1"]
[TimeControl "40/5400+30:1800+30"]

1. e4 c6 2. d4 d5 3. Nd2 dxe4 4. Nxe4 Nf6 5. Nxf6+ exf6 6. c3 Bd6 7. Bd3 O-O 8. Qc2 Re8+ 9. Ne2 h5 10. O-O Qc7 11. h3 h4 12. Re1 Nd7 13. Bf4 Nf8 14. Bxd6 Qxd6 15. Rad1 Be6 16. c4 Rad8 17. Nc3 Kh8 18. d5 Bd7 19. Rxe8 Rxe8 20. dxc6 Bxc6 21. Be4 Bxe4 22. Nxe4 Qb4 23. a3 Qa5 24. Nc3 Ng6 25. Qd2 Qc7 26. b3 a6 27. Qd4 Qa5 28. Qd7 Rf8 29. Nd5 b5 30. cxb5 axb5 31. a4 bxa4 32. Qxa4 Qxa4 33. bxa4 Rd8 34. a5 Nf4 35. Ne3 Ra8 36. Ra1 Ne2+ 37. Kf1 Nd4 38. Ra4 Nb3 39. Nc4 Rc8 40. Ke2 g5 41. Nd6 Ra8 42. Nb7 Ra6 43. Kd1 Kg7 44. Kc2 Nxa5 45. Rxa5 Re6 46. Rd5 Kg6 47. Kd2 Rb6 48. Nd6 Rb2+ 49. Ke3 Rb3+ 50. Rd3 Rb6 51. Ne4 Rb5 52. Rd6 Re5 53. Rxf6+ Kg7 54. Kf3 Rxe4 55. Rxf7+ Kxf7 56. Kxe4 Ke6 57. f4 1-0

[Event "Czech Open GM 2020"]
[Site "Pardubice"]
[Date "2020.09.26"]
[Round "6.18"]
[White "Nemec, Jachym"]
[Black "Rabatin, Jakub"]
[Result "1-0"]
[ECO "E92"]
[WhiteElo "2150"]
[BlackElo "2291"]
[Annotator "ChessBase"]
[PlyCount "97"]
[EventDate "2020.09.21"]
[EventCountry "CZE"]
[SourceTitle "playchess.com"]
[Source "ChessBase"]
[SourceQuality "1"]
[TimeControl "40/5400+30:1800+30"]

1. d4 Nf6 2. c4 c5 3. d5 g6 4. Nc3 Bg7 5. e4 d6 6. Be2 O-O 7. Nf3 e5 8. h3 Nh5 9. g3 a6 10. Ng5 Nf6 11. a4 Nbd7 12. Bd2 Ne8 13. Qc1 Ndf6 14. Kf1 b6 15. Kg2 Bd7 16. h4 h5 17. Qc2 Nc7 18. Rhb1 a5 19. Re1 Na6 20. Rad1 Nb4 21. Qb3 Qe7 22. Nb5 Nh7 23. g4 hxg4 24. Qg3 Nf6 25. f3 Nh5 26. Qf2 g3 27. Qg1 f6 28. Ne6 Bxe6 29. dxe6 Rad8 30. f4 Nxf4+ 31. Kxg3 Nxe2+ 32. Rxe2 Qxe6 33. Kh2 Kf7 34. Bxb4 axb4 35. h5 g5 36. Rf2 Rh8 37. Qxg5 Kg8 38. Qh4 Qf7 39. Rf5 Qxc4 40. Rg1 Rh6 41. Nc7 d5 42. Qg4 Rh7 43. Ne6 dxe4 44. Nxd8 Qd5 45. Qd1 Qc4 46. Qd7 Qe2+ 47. Rg2 Rxh5+ 48. Rxh5 Qxh5+ 49. Kg1 1-0

[Event "Czech Open GM 2020"]
[Site "Pardubice"]
[Date "2020.09.26"]
[Round "6.19"]
[White "Pacl, Vaclav"]
[Black "Mica, Marek"]
[Result "1/2-1/2"]
[ECO "A10"]
[WhiteElo "2007"]
[BlackElo "2290"]
[Annotator "ChessBase"]
[PlyCount "25"]
[EventDate "2020.09.21"]
[EventCountry "CZE"]
[SourceTitle "playchess.com"]
[Source "ChessBase"]
[SourceQuality "1"]
[TimeControl "40/5400+30:1800+30"]

1. Nf3 e6 2. g3 d5 3. Bg2 f5 4. O-O Nf6 5. c4 c6 6. b3 Nbd7 7. Qc2 Bd6 8. Ba3 Bxa3 9. Nxa3 Qe7 10. Nb1 O-O 11. Nc3 Qd6 12. e3 b6 13. cxd5 1/2-1/2

[Event "Czech Open GM 2020"]
[Site "Pardubice"]
[Date "2020.09.26"]
[Round "6.20"]
[White "Simek, Petr"]
[Black "Lorscheid, Gerhard"]
[Result "1/2-1/2"]
[ECO "D13"]
[WhiteElo "2289"]
[BlackElo "2185"]
[Annotator "ChessBase"]
[PlyCount "58"]
[EventDate "2020.09.21"]
[EventCountry "CZE"]
[SourceTitle "playchess.com"]
[Source "ChessBase"]
[SourceQuality "1"]
[TimeControl "40/5400+30:1800+30"]

1. c4 c6 2. Nc3 d5 3. d4 Nf6 4. Nf3 a6 5. cxd5 cxd5 6. Bf4 Nc6 7. e3 Bg4 8. h3 Bxf3 9. Qxf3 e6 10. Bd3 Bd6 11. O-O O-O 12. Bxd6 Qxd6 13. Qe2 Rac8 14. Rac1 Rc7 15. Rfe1 Rfc8 16. Rcd1 g6 17. g3 h6 18. h4 Kg7 19. Qf3 e5 20. dxe5 Nxe5 21. Qg2 Qe6 22. Be2 Rc5 23. Rd4 Nc6 24. Rf4 g5 25. Ra4 Ne5 26. Rd1 Qb6 27. Nxd5 Nxd5 28. Rxd5 Qxb2 29. Rxc5 Rxc5 1/2-1/2

[Event "Czech Open GM 2020"]
[Site "Pardubice"]
[Date "2020.09.26"]
[Round "7.1"]
[White "Kevlishvili, Robby"]
[Black "Van Foreest, Lucas"]
[Result "1/2-1/2"]
[ECO "C67"]
[WhiteElo "2478"]
[BlackElo "2531"]
[Annotator "ChessBase"]
[PlyCount "120"]
[EventDate "2020.09.21"]
[EventCountry "CZE"]
[SourceTitle "playchess.com"]
[Source "ChessBase"]
[SourceQuality "1"]
[TimeControl "40/5400+30:1800+30"]

1. e4 Nc6 2. Nf3 e5 3. Bb5 Nf6 4. O-O Nxe4 5. Re1 Nd6 6. Nxe5 Be7 7. Bf1 Nxe5 8. Rxe5 O-O 9. Nc3 Ne8 10. Nd5 Bd6 11. Re1 c6 12. Ne3 Be7 13. c4 Nc7 14. d4 d5 15. cxd5 Bb4 16. Bd2 Bxd2 17. Qxd2 Nxd5 18. Nxd5 Qxd5 19. Re5 Qd6 20. Bc4 Bd7 21. Rae1 b5 22. Bb3 a5 23. a3 a4 24. Ba2 Rae8 25. Qc3 Rxe5 26. dxe5 Qe7 27. Rd1 Bf5 28. Rd6 Rd8 29. Qd2 Rxd6 30. exd6 Qe5 31. h3 Bd7 32. Qa5 Be8 33. Qd8 Qe1+ 34. Kh2 Qe5+ 35. Kg1 Qe1+ 36. Kh2 Qe5+ 37. g3 Qe2 38. Kg2 Qe4+ 39. Kg1 Qe1+ 40. Kg2 Qe4+ 41. Kg1 Qe1+ 42. Kg2 Qe4+ 43. Kf1 Qh1+ 44. Ke2 Qe4+ 45. Kf1 Qh1+ 46. Ke2 Qe4+ 47. Kd2 Qd4+ 48. Ke1 Qe4+ 49. Kd2 Qd4+ 50. Ke1 Qe4+ 51. Kd2 Qd4+ 52. Ke1 Qe4+ 53. Kd2 Qd4+ 54. Kc1 Qe4 55. Qe7 Qxe7 56. dxe7 g5 57. Kd2 Kg7 58. Ke3 Kf6 59. Kd4 Kxe7 60. Kc5 Kd7 1/2-1/2

[Event "Czech Open GM 2020"]
[Site "Pardubice"]
[Date "2020.09.26"]
[Round "7.2"]
[White "Jarmula, Lukasz"]
[Black "Vogel, Roven"]
[Result "1/2-1/2"]
[ECO "D31"]
[WhiteElo "2444"]
[BlackElo "2456"]
[Annotator "ChessBase"]
[PlyCount "54"]
[EventDate "2020.09.21"]
[EventCountry "CZE"]
[SourceTitle "playchess.com"]
[Source "ChessBase"]
[SourceQuality "1"]
[TimeControl "40/5400+30:1800+30"]

1. d4 d5 2. c4 e6 3. Nc3 Be7 4. cxd5 exd5 5. Bf4 c6 6. e3 Bf5 7. Nge2 Nd7 8. Ng3 Be6 9. Nh5 Bf8 10. Bg3 Ngf6 11. Bh4 Qb6 12. Nxf6+ Nxf6 13. Qc2 Be7 14. Bd3 Qd8 15. O-O Nh5 16. Bxe7 Qxe7 17. Rab1 g6 18. b4 O-O 19. b5 c5 20. dxc5 Qxc5 21. Ne2 Qxc2 22. Bxc2 Rfc8 23. Bb3 Rc5 24. Nd4 Bd7 25. a4 Nf6 26. Bc2 Rac8 27. Bd3 Ne4 1/2-1/2

[Event "Czech Open GM 2020"]
[Site "Pardubice"]
[Date "2020.09.26"]
[Round "7.3"]
[White "Plat, Vojtech"]
[Black "Szpar, Milosz"]
[Result "1/2-1/2"]
[ECO "B22"]
[WhiteElo "2566"]
[BlackElo "2397"]
[Annotator "ChessBase"]
[PlyCount "119"]
[EventDate "2020.09.21"]
[EventCountry "CZE"]
[SourceTitle "playchess.com"]
[Source "ChessBase"]
[SourceQuality "1"]
[TimeControl "40/5400+30:1800+30"]

1. e4 c5 2. Nf3 Nc6 3. c3 d5 4. exd5 Qxd5 5. d4 Bg4 6. Be2 cxd4 7. cxd4 e6 8. Nc3 Qa5 9. O-O Nf6 10. h3 Bh5 11. a3 Bd6 12. Be3 O-O 13. Qb3 Ne7 14. Bd2 Ned5 15. Qxb7 Nxc3 16. bxc3 Rab8 17. Qc6 Rb6 18. Qc4 Rb2 19. Qd3 Bg6 20. Qa6 Qxa6 21. Bxa6 Ne4 22. Be1 Rb6 23. Be2 Rb3 24. c4 Rxa3 25. Ba5 Nc3 26. Bxc3 Rxc3 27. Rxa7 Rc2 28. Ra6 Be7 29. Re1 Bb4 30. Rb1 Be7 31. Rb7 Bf6 32. Bf1 Rc1 33. Rba7 Be4 34. Ne5 Rd1 35. f3 Bb1 36. Rd6 Bg5 37. Kf2 Rd2+ 38. Be2 f6 39. Nd7 Bd3 40. Rxe6 Rd8 41. Nb6 Bh4+ 42. g3 Bxe2 43. Rxe2 Bxg3+ 44. Kf1 Rxe2 45. Kxe2 Rxd4 46. c5 Bf4 47. Ra2 Kf7 48. Ra7+ Kg6 49. Ra4 Rxa4 50. Nxa4 Kf5 51. Kd3 g5 52. c6 h5 53. Nc5 g4 54. fxg4+ hxg4 55. hxg4+ Kxg4 56. Ke4 f5+ 57. Kd5 Bc7 58. Na6 Ba5 59. Nc5 f4 60. Nd3 1/2-1/2

[Event "Czech Open GM 2020"]
[Site "Pardubice"]
[Date "2020.09.26"]
[Round "7.4"]
[White "Noe, Christopher"]
[Black "Sorensen, Hampus"]
[Result "1-0"]
[ECO "D45"]
[WhiteElo "2519"]
[BlackElo "2361"]
[Annotator "ChessBase"]
[PlyCount "85"]
[EventDate "2020.09.21"]
[EventCountry "CZE"]
[SourceTitle "playchess.com"]
[Source "ChessBase"]
[SourceQuality "1"]
[TimeControl "40/5400+30:1800+30"]

1. d4 d5 2. c4 c6 3. Nc3 Nf6 4. Nf3 e6 5. e3 a6 6. Qc2 c5 7. cxd5 exd5 8. dxc5 Bxc5 9. Be2 O-O 10. O-O Nc6 11. Rd1 Bd6 12. b3 Be6 13. Bb2 Qc7 14. h3 Rad8 15. Rac1 Qb8 16. Qb1 Ne5 17. Nd4 Rfe8 18. Qc2 Rc8 19. Qb1 Rcd8 20. Nxe6 fxe6 21. e4 Ng6 22. exd5 exd5 23. Bf3 Bf4 24. Nxd5 Bxc1 25. Nxf6+ gxf6 26. Rxc1 Ne5 27. Qf5 Qd6 28. Be4 Rd7 29. Rc3 Qe6 30. Qh5 Ng6 31. Re3 Qxe4 32. Rxe4 Rxe4 33. Bxf6 Re6 34. Bc3 Rc6 35. Qf3 Rf7 36. Qg3 Rfc7 37. Bd4 Rd7 38. Be3 Kf7 39. h4 Rd1+ 40. Kh2 Rd5 41. Qf3+ Ke6 42. h5 Ne5 43. Qe4 1-0

[Event "Czech Open GM 2020"]
[Site "Pardubice"]
[Date "2020.09.26"]
[Round "7.5"]
[White "Jurcik, Marian"]
[Black "Mendonca, Leon Luke"]
[Result "1/2-1/2"]
[ECO "B25"]
[WhiteElo "2426"]
[BlackElo "2490"]
[Annotator "ChessBase"]
[PlyCount "27"]
[EventDate "2020.09.21"]
[EventCountry "CZE"]
[SourceTitle "playchess.com"]
[Source "ChessBase"]
[SourceQuality "1"]
[TimeControl "40/5400+30:1800+30"]

1. e4 c5 2. Nc3 d6 3. Nge2 Nf6 4. g3 Nc6 5. Bg2 g6 6. O-O Bg7 7. d3 O-O 8. Bg5 Nd4 9. Qd2 Bg4 10. Nxd4 cxd4 11. Nb5 Qb6 12. a4 Rac8 13. c4 dxc3 14. Nxc3 1/2-1/2

[Event "Czech Open GM 2020"]
[Site "Pardubice"]
[Date "2020.09.26"]
[Round "7.6"]
[White "Golubka, Petro"]
[Black "Zwardon, Vojtech"]
[Result "1-0"]
[ECO "A36"]
[WhiteElo "2488"]
[BlackElo "2455"]
[Annotator "ChessBase"]
[PlyCount "89"]
[EventDate "2020.09.21"]
[EventCountry "CZE"]
[SourceTitle "playchess.com"]
[Source "ChessBase"]
[SourceQuality "1"]
[TimeControl "40/5400+30:1800+30"]

1. c4 c5 2. Nc3 g6 3. g3 Bg7 4. Bg2 Nc6 5. d3 d6 6. Bd2 Qd7 7. Nf3 b6 8. O-O Bb7 9. a3 e6 10. Rb1 Nge7 11. Qc1 h6 12. b4 Rd8 13. Ne4 f5 14. Nc3 Nd4 15. Ne1 g5 16. e3 Bxg2 17. Kxg2 Qb7+ 18. Kg1 Nf3+ 19. Nxf3 Qxf3 20. Qd1 Qxd1 21. Rfxd1 Nc6 22. Be1 h5 23. Ne2 Ne5 24. Bc3 h4 25. Bxe5 Bxe5 26. bxc5 dxc5 27. d4 Bd6 28. d5 e5 29. e4 f4 30. g4 f3 31. Nc3 h3 32. Rd3 Rf8 33. Kh1 Rf4 34. Rg1 a6 35. Rg3 b5 36. cxb5 axb5 37. Rxh3 b4 38. axb4 cxb4 39. Nb5 Bf8 40. Rh7 Rc8 41. Nc7+ Rxc7 42. Rxc7 Bd6 43. Rc4 Rf7 44. h3 Rb7 45. Rb3 1-0

[Event "Czech Open GM 2020"]
[Site "Pardubice"]
[Date "2020.09.26"]
[Round "7.7"]
[White "Vrolijk, Liam"]
[Black "Petr, Martin"]
[Result "1/2-1/2"]
[ECO "D37"]
[WhiteElo "2481"]
[BlackElo "2484"]
[Annotator "ChessBase"]
[PlyCount "70"]
[EventDate "2020.09.21"]
[EventCountry "CZE"]
[SourceTitle "playchess.com"]
[Source "ChessBase"]
[SourceQuality "1"]
[TimeControl "40/5400+30:1800+30"]

1. d4 d5 2. c4 e6 3. Nf3 a6 4. cxd5 exd5 5. Nc3 Nf6 6. Bg5 Be6 7. e3 Nbd7 8. h3 Bd6 9. Bd3 c6 10. Bf4 Qc7 11. Bxd6 Qxd6 12. O-O O-O 13. Qb3 Rfb8 14. a4 a5 15. Qa3 Ne8 16. Rfb1 Qxa3 17. bxa3 Nd6 18. Rb2 Rc8 19. Ne5 Rc7 20. Nxd7 Bxd7 21. Rc1 Rac8 22. Rb6 Be6 23. Nb5 Nxb5 24. axb5 Kf8 25. Rc5 cxb5 26. Rbxb5 b6 27. Rxb6 Rxc5 28. dxc5 Rxc5 29. a4 Bd7 30. Bb5 Bxb5 31. axb5 h5 32. Rb7 a4 33. b6 Rb5 34. Ra7 Rxb6 35. Rxa4 Ke7 1/2-1/2

[Event "Czech Open GM 2020"]
[Site "Pardubice"]
[Date "2020.09.26"]
[Round "7.8"]
[White "Stocek, Jiri"]
[Black "Csiki, Endre"]
[Result "1-0"]
[ECO "D85"]
[WhiteElo "2595"]
[BlackElo "2276"]
[Annotator "ChessBase"]
[PlyCount "46"]
[EventDate "2020.09.21"]
[EventCountry "CZE"]
[SourceTitle "playchess.com"]
[Source "ChessBase"]
[SourceQuality "1"]
[TimeControl "40/5400+30:1800+30"]

1. d4 Nf6 2. c4 g6 3. Nc3 d5 4. cxd5 Nxd5 5. e4 Nxc3 6. bxc3 Bg7 7. Nf3 c5 8. Be3 Qa5 9. Nd2 Bd7 10. Rc1 cxd4 11. Nc4 Qa4 12. Qxa4 Bxa4 13. cxd4 O-O 14. Be2 Bb5 15. d5 Rc8 16. Kd2 Nd7 17. Na5 Bxe2 18. Kxe2 Bb2 19. Rxc8+ Rxc8 20. Rb1 Bf6 21. Rxb7 Ne5 22. f4 Ng4 23. Nc6 e5 1-0